 Dungeon Crawl Stone Soup version 0.28-a0-664-gc179e30c89 (webtiles) character file.

Game seed: 16754765183230516527

19528 jdsmith2816 the Covert (level 13, -10/126 HPs)
             Began as a Kobold Berserker on Oct 16, 2021.
             Was a High Priest of Trog.
             Mangled by a frost giant (14 damage)
             ... in an ice cave.
             The game lasted 01:11:46 (15454 turns).

jdsmith2816 the Covert (Kobold Berserker)          Turns: 15454, Time: 01:11:47

Health: -10/126    AC: 26    Str: 15    XL:     13   Next: 5%
Magic:  13/13      EV:  3    Int: 12    God:    Trog [*****.]
Gold:   511        SH:  0    Dex: 15    Spells: 12/12 levels left

rFire   . . .      SeeInvis .   a - +2 dagger (venom)
rCold   + . .      Faith    .   (shield restricted)
rNeg    . . .      Spirit   .   (armour currently unavailable)
rPois   +          Reflect  .   (helmet currently unavailable)
rElec   .          Harm     .   (cloak currently unavailable)
rCorr   .          Rampage  .   (gloves currently unavailable)
Will    .....      NoTele   +   (boots currently unavailable)
Stlth   +++++++...              u - amulet of regeneration
HPRegen 1.31/turn               C - ring of protection from cold
MPRegen 0.13/turn               (no ring)

@: tree-form, on berserk cooldown, slowed, very slow
A: stationary, stasis, torment immunity, boosted hp, small, no large weapons,
nightstalker 3
a: Renounce Religion, Berserk, Trog's Hand, Brothers in Arms


You were in an ice cave.
You worshipped Trog.
Trog was extremely pleased with you.
You were a tree.
You visited 2 branches of the dungeon, and saw 12 of its levels.
You also visited: Ice Cave.

You collected 687 gold pieces.
You spent 176 gold pieces at shops.


Innate Abilities, Weirdness & Mutations

You are a tree.
Your roots penetrate the ground, keeping you stationary.
You cannot be teleported.
You are immune to unholy pain and torment.
Your maximum health is greatly increased.
Your equipment is partially melded.
You are small and have problems with some larger weapons.
You are completely attuned to the shadows.


   Skills:
 - Level 11.0 Fighting
 - Level 10.0 Short Blades
 * Level 7.0 Crossbows
 + Level 4.9 Armour
 + Level 11.2 Dodging
 * Level 14.7 Stealth
 + Level 6.5 Evocations


You had 12 spell levels left.
You didn't know any spells.
Your spell library contained the following spells:

 Spells                   Type           Power      Damage    Failure   Level
 Pain                     Necr           0%         1d4       32%         1
 Blink                    Tloc           N/A        N/A       45%         2
 Corpse Rot               Necr/Air       N/A        N/A       45%         2
 Airstrike                Air            0%         N/A       97%         4
 Animate Dead             Necr           0%         N/A       97%         4
 Dispel Undead            Necr           0%         3d6       97%         4
 Summon Lightning Spire   Summ/Air       0%         N/A       97%         4
 Alistair's Intoxication  Tmut/Pois      0%         N/A       100%        5
 Borgnjor's Vile Clutch   Necr/Erth      0%         N/A       100%        5
 Lightning Bolt           Conj/Air       0%         1d11      100%        5
 Manifold Assault         Tloc           0%         N/A       100%        5
 Death Channel            Necr           0%         N/A       100%        6
 Storm Form               Tmut/Air       0%         N/A       100%        7
 Borgnjor's Revivificati  Necr           0%         N/A       100%        8
 Necromutation            Tmut/Necr      0%         N/A       100%        8
 Death's Door             Necr           0%         N/A       100%        9

Inventory:

Hand Weapons
 a - a +2 dagger of venom (weapon)
 b - a +0 hand crossbow
 r - a +1 dagger of holy wrath
 t - a +3 dagger of chaos
 z - a +0 dagger of flaming
Missiles
 l - 29 bolts
Armour
 k - a +0 helmet (melded)
 n - +0 steam dragon scales (melded)
 o - a +1 pair of gloves
 w - a +2 robe of willpower
 x - a +2 pair of gloves of stealth (melded)
 A - a +0 scale mail of cold resistance
 D - +0 acid dragon scales
 I - a scarf of shadows (melded)
Jewellery
 u - an amulet of regeneration (around neck)
 C - a ring of protection from cold (left branch)
 F - a ring of fire
 N - a ring of positive energy
 R - a ring of resist corrosion
Wands
 c - a wand of paralysis (16)
 B - a wand of digging (5)
 E - a wand of flame (37)
 J - a wand of mindburst (4)
Scrolls
 g - 2 scrolls of blinking
 j - a scroll of teleportation {@r2}
 y - 2 scrolls of immolation
 G - a scroll of magic mapping {unknown}
 H - a scroll of identify {@r1}
Potions
 d - 2 potions of invisibility {unknown}
 e - a potion of curing {@q1}
 f - 2 potions of lignification
 h - a potion of brilliance {unknown}
 i - 4 potions of flight
 m - a potion of haste {@q3}
 p - 2 potions of magic
 q - 2 potions of cancellation {unknown}
 s - a potion of resistance {unknown}
 v - 6 potions of attraction

Dungeon Overview and Level Annotations

Branches:
Dungeon (11/15)            Temple (1/1) D:5            Lair (0/6) D:9
  IceCv (1/1)
    Orc: D:9-12

Altars:
Ashenzari
Cheibriados
Dithmenos
Elyvilon
Fedhas
Gozag
Hepliaklqana
Kikubaaqudgha
Makhleb
Nemelex Xobeh
Okawaru
Qazlal
Ru
Sif Muna
Trog
Uskayaw
Vehumet
Wu Jian
Xom
Yredelemnul
Zin
The Shining One

Shops:
D:11 *

Annotations:
D:9 1 exclusion
D:10 3 runed translucent doors, MisterAzrael's ghost, journeyman MiBe

##.##.## #.##..#
...## ##.##.##
....# #.###..##
k...## ##..###..##
.....# #.### #...#
.##..###.#.###...#
##.h##....###..#
##C♣..#≈## #..#
##.##≈≈# ##.# ###
≈≈≈≈≈##.#
≈≈≈≈≈#.## ≈≈≈#†#
≈≈≈≈## ≈≈≈≈##
≈≈#†≈# ### ≈###†##


You could see a frost giant (extremely poisoned) and a polar bear (poisoned).


Message History

The frost giant looks as sick as possible!
The frost giant is severely wounded.
The polar bear bites you but does no damage.
The polar bear claws you but does no damage. x2
The frost giant hits you with a +1 battleaxe of freezing.
* * * LOW HITPOINT WARNING * * *
The frost giant freezes you.
* * * LOW HITPOINT WARNING * * *
You hit the frost giant.
The frost giant is severely wounded.
The polar bear barely misses you. x3
You hit the frost giant but do no damage.
The frost giant is severely wounded.
The frost giant hits you with a +1 battleaxe of freezing.
* * * LOW HITPOINT WARNING * * *
You hit the frost giant but do no damage.
The frost giant is severely wounded.
The polar bear bites you but does no damage.
The polar bear claws you but does no damage. x2
The frost giant hits you with a +1 battleaxe of freezing!!
* * * LOW HITPOINT WARNING * * *
The frost giant freezes you.
* * * LOW HITPOINT WARNING * * *
You feel better. The polar bear bites you!
* * * LOW HITPOINT WARNING * * *
The polar bear claws you but does no damage.
The polar bear claws you.
* * * LOW HITPOINT WARNING * * *
The frost giant hits you with a +1 battleaxe of freezing!
You die...

Skill      XL: |  1  2  3  4  5  6  7  8  9 10 11 12 |
---------------+-------------------------------------+-----
Stealth        | 1 2 3 4 5 6 8 10 11 12 14 | 14.7
Short Blades   | 5 6 7 8 10 | 10.0
Dodging        | 3 8 9 10 11 | 11.2
Fighting       | 4 7 9 10 11 | 11.0
Evocations     | 2 4 6 |  6.5
Armour         | 2 3 4 |  4.9
Crossbows      | 2 7 |  7.0

Action                   |  1- 3 |  4- 6 |  7- 9 | 10-12 | 13-15 || total
-------------------------+-------+-------+-------+-------+-------++-------
Melee: Short sword       |    64 |    17 |       |       |       ||    81
       Dagger            |       |   119 |   250 |   818 |    23 ||  1210
 Fire: Shortbow          |       |       |       |     6 |       ||     6
       Hand crossbow     |       |       |       |     2 |       ||     2
Throw: Stone             |     2 |     4 |       |       |       ||     6
       Throwing net      |       |       |       |     1 |       ||     1
Invok: Berserk           |     2 |     5 |     5 |    12 |       ||    24
       Trog's Hand       |       |       |     3 |     1 |       ||     4
       Brothers in Arms  |       |       |       |     6 |       ||     6
Evoke: Wand              |       |       |       |     2 |       ||     2
  Use: Scroll            |     1 |     3 |     7 |     7 |       ||    18
       Potion            |       |       |       |     5 |     2 ||     7
 Stab: Sleeping          |    14 |    10 |    23 |    27 |       ||    74
       Distracted        |       |     1 |     3 |     3 |       ||     7
Armor: Animal skin       |    13 |    14 |    30 |     1 |       ||    58
       Steam dragon scal |       |       |       |   152 |     3 ||   155
       Skin              |       |       |       |     4 |    14 ||    18
Dodge: Dodged            |    27 |    83 |   111 |   604 |    16 ||   841

Levels and vault maps discovered:
D:1:      amcnicky_arrival_single_pillar, layout_basic,
          shapermc_ecumenical_altar_mp_urbaneastern
D:2:      layout_basic
D:3:      layout_basic, chequers_serial_rivers_large_a,
          kennysheep_cross_bottleneck
D:4:      layout_basic, makhleb_heckhound_becter, lemuel_round_altar,
          cheibriados_altar_1, uniq_robin
D:5:      layout_loops_corners, gammafunk_temple_overflow_arena,
          minmay_temple_entry_sparse_star
D:6:      layout_loops_ring, gammafunk_temple_overflow_statue, uniq_duvessa,
          uniq_grinder, uniq_pikel, uniq_prince_ribbit1, uniq_menkaure
D:7:      layout_basic, mainiacjoe_overflow_chevrons
D:8:      layout_layer_cave, elyvilon_altar_5,
          nicolae_ru_great_annihilating_truth, uniq_maggie
D:9:      layout_cave_pods, mainiacjoe_overflow_brackets, bloody_trog,
          lair_entry_dummy, uniq_psyche
D:10:     layout_rooms, mainiacjoe_overflow_catwalk, ebering_ghost_rock_garden,
          chequers_decorated_corner, hex_tiny
D:11:     minmay_the_grid_octo_tiled_octocenter_mashed
          [minmay_the_grid_octo_pinwheel, minmay_the_grid_octo_clover,
          minmay_the_grid_octo_fat_diamond, minmay_the_grid_octo_empty,
          minmay_the_grid_octo_prize_square_snowflake,
          minmay_the_grid_square_5x5_bridge, minmay_the_grid_square_5x5_inner_i,
          minmay_the_grid_square_5x5_six, minmay_the_grid_square_5x5_trominoes],
          layout_rooms, portal_ice_cave_rime, serial_shops, shop, minivault_12
Temple:   chequers_temple_sunken
IceCv:    ice_cave_caverns_02

Notes
Turn   | Place    | Note
-------+----------+-------------------------------------------
     0 | D:1      | jdsmith2816 the Kobold Berserker began the quest for the
                  | Orb.
     0 | D:1      | Reached XP level 1. HP: 14/14 MP: 1/1
   253 | D:1      | Reached skill level 1 in Stealth
   591 | D:1      | Reached XP level 2. HP: 14/19 MP: 2/2
   718 | D:1      | Found a faded altar of an unknown god.
  1317 | D:2      | Reached skill level 2 in Stealth
  1440 | D:2      | Reached XP level 3. HP: 22/23 MP: 3/3
  1699 | D:2      | Reached skill level 5 in Short Blades
  1770 | D:2      | Reached skill level 3 in Stealth
  1860 | D:2      | Reached XP level 4. HP: 28/28 MP: 4/4
  1943 | D:2      | Reached skill level 4 in Stealth
  1947 | D:2      | Reached XP level 5. HP: 32/32 MP: 5/5
  2674 | D:3      | Reached skill level 6 in Short Blades
  2920 | D:3      | Reached ** piety under Trog
  3089 | D:3      | Reached skill level 5 in Stealth
  3256 | D:3      | Reached XP level 6. HP: 22/37 MP: 6/6
  4164 | D:4      | Noticed Robin
  4198 | D:4      | Killed Robin
  4391 | D:4      | Found a burning altar of Makhleb.
  4537 | D:4      | Reached skill level 7 in Short Blades
  4537 | D:4      | Reached skill level 6 in Stealth
  4676 | D:4      | Found a sparkling altar of Nemelex Xobeh.
  5066 | D:4      | Noticed an orc warrior
  5078 | D:4      | Killed an orc warrior
  5079 | D:4      | Reached XP level 7. HP: 41/41 MP: 7/7
  5274 | D:4      | Found a snail-covered altar of Cheibriados.
  5526 | D:4      | Reached *** piety under Trog
  5527 | D:4      | Reached skill level 7 in Stealth
  5810 | D:5      | Entered Level 5 of the Dungeon
  6006 | D:5      | Reached skill level 8 in Short Blades
  6155 | D:5      | Got the Tome of Dark Secrets and Poison
  6546 | D:5      | Found a staircase to the Ecumenical Temple.
  6572 | D:5      | Reached skill level 8 in Stealth
  6605 | D:5      | Reached XP level 8. HP: 43/46 MP: 8/8
  6855 | D:5      | Reached skill level 9 in Short Blades
  7055 | D:5      | Found a shadowy altar of Dithmenos.
  7055 | D:5      | Found a radiant altar of Vehumet.
  7094 | D:5      | Found a transporter.
  7106 | D:5      | Reached skill level 9 in Stealth
  7198 | D:5      | Found a transporter.
  7338 | Temple   | Entered the Ecumenical Temple
  7882 | D:6      | Reached skill level 10 in Short Blades
  7919 | D:6      | Reached skill level 10 in Stealth
  7948 | D:6      | Reached skill level 3 in Dodging
  7972 | D:6      | Reached skill level 4 in Fighting
  7972 | D:6      | Reached XP level 9. HP: 52/52 MP: 9/9
  8012 | D:6      | Reached skill level 4 in Dodging
  8213 | D:6      | Reached skill level 5 in Fighting
  8227 | D:6      | Reached skill level 5 in Dodging
  8356 | D:6      | Noticed Grinder
  8368 | D:6      | Killed Grinder
  8369 | D:6      | Reached skill level 6 in Fighting
  8549 | D:6      | Reached **** piety under Trog
  8550 | D:6      | Reached skill level 6 in Dodging
  8650 | D:6      | Noticed Duvessa
  8651 | D:6      | Noticed Dowan
  8660 | D:6      | Killed Duvessa
  8665 | D:6      | Killed Dowan
  8790 | D:6      | Noticed Menkaure
  8794 | D:6      | Killed Menkaure
  8811 | D:6      | Reached skill level 7 in Dodging
  8845 | D:6      | Reached skill level 7 in Fighting
  8850 | D:6      | Noticed Pikel
  8861 | D:6      | Killed Pikel
  8862 | D:6      | Reached skill level 8 in Dodging
  8862 | D:6      | Reached XP level 10. HP: 64/64 MP: 10/10
  8991 | D:6      | Noticed Prince Ribbit
  8995 | D:6      | Killed Prince Ribbit
  8996 | D:6      | Reached skill level 8 in Fighting
  9174 | D:6      | Found a broken altar of Ashenzari.
  9174 | D:6      | Found a glowing golden altar of the Shining One.
  9432 | D:7      | Reached skill level 9 in Dodging
  9506 | D:7      | Found an opulent altar of Gozag.
  9767 | D:8      | Identified the +8 mace of Spontaneous Combustion {freeze,
                  | rElec Int+5}
  9883 | D:8      | Reached skill level 1 in Evocations
  9898 | D:8      | Found a white marble altar of Elyvilon.
 10174 | D:8      | Found a sacrificial altar of Ru.
 10237 | D:8      | Reached skill level 9 in Fighting
 10441 | D:8      | Noticed Maggie
 10445 | D:8      | Killed Maggie
 10446 | D:8      | Reached skill level 2 in Armour
 11055 | D:9      | Reached skill level 2 in Evocations
 11099 | D:9      | Killed an unseen horror
 11250 | D:9      | Noticed a gargoyle
 11315 | D:9      | Reached skill level 11 in Stealth
 11414 | D:9      | Noticed Psyche
 11418 | D:9      | Killed Psyche
 11419 | D:9      | Reached XP level 11. HP: 71/71 MP: 11/11
 11429 | D:9      | Found a bloodstained altar of Trog.
 11656 | D:9      | Found a staircase to the Lair.
 11812 | D:9      | Found a basalt altar of Yredelemnul.
 12139 | D:10     | Entered Level 10 of the Dungeon
 12198 | D:10     | Reached skill level 3 in Evocations
 12350 | D:10     | Found an iron altar of Okawaru.
 12367 | D:10     | Reached skill level 10 in Fighting
 12367 | D:10     | Reached skill level 3 in Armour
 12404 | D:10     | Noticed a two-headed ogre
 12416 | D:9      | Reached ***** piety under Trog
 12626 | D:10     | Reached skill level 12 in Stealth
 12732 | D:10     | Reached skill level 4 in Evocations
 12810 | D:10     | Killed a two-headed ogre
 12811 | D:10     | Reached skill level 10 in Dodging
 12973 | D:10     | Found a runed translucent gate.
 12974 | D:10     | Found a runed translucent gate.
 12975 | D:10     | Found a runed translucent gate.
 12975 | D:10     | Noticed MisterAzrael's ghost (journeyman MiBe)
 13486 | D:11     | Reached skill level 1 in Crossbows
 13529 | D:11     | Found Byohot's Assorted Antiques.
 13534 | D:11     | Bought an embroidered scarf for 176 gold pieces
 13563 | D:11     | Found a frozen archway.
 13570 | IceCv    | Entered an ice cave
 13588 | IceCv    | Reached skill level 2 in Crossbows
 13784 | IceCv    | Reached XP level 12. HP: 79/79 MP: 12/12
 14072 | IceCv    | Identified the +5 tower shield of Gefy Cyu {rPois Will++
                  | Dex+8 Stlth-}
 14075 | IceCv    | Noticed a death yak
 14075 | IceCv    | Noticed a death yak
 14076 | IceCv    | Noticed a death yak
 14078 | IceCv    | Killed a death yak
 14079 | IceCv    | Reached skill level 3 in Crossbows
 14079 | IceCv    | Reached skill level 13 in Stealth
 14079 | IceCv    | Killed a death yak
 14080 | IceCv    | Reached skill level 11 in Fighting
 14080 | IceCv    | Reached skill level 5 in Evocations
 14081 | IceCv    | Killed a death yak
 14082 | IceCv    | Reached skill level 4 in Crossbows
 14082 | IceCv    | Reached skill level 4 in Armour
 14286 | IceCv    | Reached skill level 5 in Crossbows
 14459 | IceCv    | Reached skill level 14 in Stealth
 14585 | IceCv    | Noticed a death yak
 14610 | IceCv    | Killed a death yak
 14611 | IceCv    | Reached skill level 6 in Crossbows
 14611 | IceCv    | Reached skill level 6 in Evocations
 14622 | IceCv    | Reached skill level 11 in Dodging
 15404 | IceCv    | Noticed a death yak
 15404 | IceCv    | Noticed a death yak
 15404 | IceCv    | Noticed a frost giant
 15424 | IceCv    | Killed a death yak
 15429 | IceCv    | Killed a death yak
 15430 | IceCv    | Reached skill level 7 in Crossbows
 15430 | IceCv    | Reached XP level 13. HP: 84/84 MP: 13/13
 15453 | IceCv    | HP: 12/126 [frost giant (29)]
 15454 | IceCv    | HP: 4/126 [polar bear (4)]
 15454 | IceCv    | Mangled by a frost giant

Vanquished Creatures
  6 death yaks (IceCv)
  Pikel (D:6)
  Psyche (D:9)
  An unseen horror (D:9)
  Maggie (D:8)
  3 rime drakes
  8 polar bears (IceCv)
  Prince Ribbit (D:6)
  Grinder (D:6)
  3 meliai (D:11)
  22 yaks
  2 steam dragons
  Menkaure (D:6)
  Duvessa (D:6)
  2 orc warriors
  2 sky beasts (D:6)
  3 ice beasts
  2 ogres
  2 necrophages
  15 wolves (IceCv)
  2 centaurs
  2 phantoms (D:6)
  A kobold brigand (D:10)
  A lemure (D:6)
  2 bullfrogs
  3 scorpions
  A gnoll sergeant (D:6)
  Dowan (D:6)
  2 wyvern zombies (D:8)
  13 killer bees (D:9)
  5 wights (D:6)
  A howler monkey (D:6)
  5 centaur zombies
  A centaur skeleton (D:7)
  3 hounds
  3 jellies
  2 orc priests
  A bullfrog skeleton (D:6)
  An iguana (D:6)
  6 orc wizards
  A scorpion zombie (D:5)
  A killer bee zombie (D:8)
  2 hound zombies (D:5)
  A hound skeleton (D:5)
  2 howler monkey skeletons
  A howler monkey zombie (D:8)
  Robin (D:4)
  9 adders
  16 gnolls
  2 shadow imps
  An ufetubus (D:5)
  3 dart slugs (D:2)
  31 orcs
  7 bats
  6 endoplasms
  4 giant cockroaches
  6 hobgoblins (D:4)
  3 jackals (D:4)
  2 quokkas (D:2)
  5 ball pythons
  11 goblins
  11 kobolds
  4 rats
264 creatures vanquished.

Vanquished Creatures (collateral kills)
  A two-headed ogre (D:10)
  An ice statue (IceCv)
  3 polar bears (IceCv)
  2 killer bees (D:9)
  2 goblins (D:4)
9 creatures vanquished.

Grand Total: 273 creatures vanquished

Table legend: (Time is in decaauts)
 A = Elapsed time spent in this place.
 B = Non-inter-level travel time spent in this place.
 C = Inter-level travel time spent in this place.
 D = Time resting spent in this place.
 E = Time spent auto-exploring this place.
 F = Levels seen in this place.
 G = Mean time per level.
                   A        B        C        D        E       F      G
               +--------+--------+--------+--------+--------+-----+--------+
         Total |  15095 |  14181 |    914 |   3179 |   8063 |  13 | 1161.2 |
       Dungeon |  13128 |  12236 |    892 |   2190 |   7582 |  11 | 1193.5 |
        Temple |    273 |    251 |     22 |      0 |    241 |   1 |  273.0 |
      Ice Cave |   1694 |   1694 |      0 |    989 |    239 |   1 | 1694.0 |
               +--------+--------+--------+--------+--------+-----+--------+

Top non-repeatable levels by time:
     D:5: 1890 daAuts
     D:3: 1816 daAuts
     D:4: 1695 daAuts
   IceCv: 1694 daAuts
     D:9: 1448 daAuts
     D:6: 1285 daAuts
     D:1: 1245 daAuts
     D:2: 1107 daAuts
    D:10: 1081 daAuts
     D:8: 925 daAuts
     D:7: 514 daAuts
  Temple: 273 daAuts
    D:11: 118 daAuts

Table legend:
 A = Non-vault XP
 B = Vault XP
 C = Vault XP percentage of total XP
 D = Non-vault monster count
 E = Vault monster count
 F = Vault count percentage of total count
                 A         B        C        D         E       F
            +---------+---------+-------+---------+---------+-------
      Total |   10383 |   17515 |  62.8 |     188 |      84 |  30.9
            +---------+---------+-------+---------+---------+-------
        D:1 |      13 |       0 |   0.0 |      10 |       0 |   0.0
        D:2 |     162 |       0 |   0.0 |      29 |       0 |   0.0
        D:3 |     110 |       0 |   0.0 |      13 |       0 |   0.0
        D:4 |     295 |      82 |  21.8 |      24 |      14 |  36.8
        D:5 |     798 |     161 |  16.8 |      23 |       5 |  17.9
        D:6 |    1483 |    1620 |  52.2 |      32 |       6 |  15.8
        D:7 |     720 |       0 |   0.0 |      11 |       0 |   0.0
        D:8 |     640 |     437 |  40.6 |       9 |       5 |  35.7
        D:9 |    1866 |     397 |  17.5 |      22 |       1 |   4.3
       D:10 |    3418 |       0 |   0.0 |      12 |       0 |   0.0
       D:11 |     878 |     754 |  46.2 |       3 |       2 |  40.0
      IceCv |       0 |   14064 | 100.0 |       0 |      51 | 100.0
            +---------+---------+-------+---------+---------+-------
